 Dungeon Crawl Stone Soup version 0.30-a0-630-g881e3bac89 (webtiles) character file.

Game seed: 8641544517088365722

720 tensugalgo the Cudgeller (level 7, -3/56 HPs)
             Began as an Armataur Reaver on Jan 13, 2023.
             Slain by Dowan the sky beast (5 damage)
             ... on level 4 of the Dungeon.
             The game lasted 00:06:10 (3679 turns).

tensugalgo the Cudgeller (Armataur Reaver)          Turns: 3679, Time: 00:06:10

Health: -3/56      AC:  9    Str: 15 (19) XL:     7   Next: 42%
Magic:  9/9        EV:  4    Int:  8 (14) God:
Gold:   203        SH:  4    Dex:  6 (8)  Spells: 8/9 levels left

rFire   . . .      SeeInvis .    t - +0 hammer (protect)
rCold   . . .      Faith    .    q - +0 buckler
rNeg    . . .      Spirit   .    l - +0 chain mail
rPois   +          Reflect  .    x - +0 helmet
rElec   .          Harm     .    s - +0 cloak {Will+}
rCorr   .          Roll     +    (no gloves)
Will    +....                    (no barding) Stlth
                                 (no amulet)
HPRegen 0.29/turn                d - ring of poison resistance
MPRegen 0.11/turn                (no ring)

@: no status effects
A: large, rugged brown scales 3, deformed body, armoured tail, roll, long
tongue, awkward tongue
a: no special abilities


You were on level 4 of the Dungeon.
You visited 1 branch of the dungeon, and saw 4 of its levels.

You collected 203 gold pieces.

Inventory:

Hand Weapons
 t - a +0 hammer of protection (weapon)
Missiles
 a - 2 poisoned darts
Armour
 b - a +0 leather armour
 l - a +0 chain mail (worn)
 q - a +0 buckler (worn)
 s - a +0 cloak of willpower (worn)
 x - a +0 helmet (worn)
 z - a +0 kite shield
Jewellery
 d - a ring of poison resistance (left hand)
Wands
 p - a wand of flame (14)
 u - a wand of polymorph (2)
Scrolls
 g - a scroll of fear
 h - 2 scrolls of vulnerability
 i - a scroll of enchant weapon
 m - 2 scrolls of teleportation
 v - 2 scrolls of fog
 w - a scroll of magic mapping {unknown}
 y - a scroll of blinking
 A - a scroll of amnesia {unknown}
Potions
 e - 2 potions of brilliance {unknown}
 f - 2 potions of heal wounds {unknown}
 j - 3 potions of haste {unknown}
 k - a potion of magic {unknown}
 n - a potion of curing {unknown}
 o - a potion of might {unknown}
 r - 2 potions of mutation {unknown}


   Skills:
 - Level 1.7 Fighting
 * Level 7.2 Maces & Flails
 - Level 1.3 Dodging
 + Level 3.9 Shields
 - Level 1.7 Spellcasting
 - Level 2.6 Conjurations


You had 8 spell levels left.
You knew the following spells:

 Your Spells              Type           Power      Damage    Failure   Level
a - Kiss of Death         Conj/Necr      8%         2d6       100%        1

Your spell library contained the following spells:

 Spells                   Type           Power      Damage    Failure   Level
 Slow                     Hex            0%         N/A       100%        1
 Momentum Strike          Conj/Tloc      4%         3d8       100%        2
 Confusing Touch          Hex            0%         N/A       100%        3
 Hailstorm                Conj/Ice       2%         3d3       100%        3
 Vampiric Draining        Necr           0%         2d6       100%        3


Dungeon Overview and Level Annotations

Branches:
Dungeon (4/15)
 Temple: D:4-7

Altars:
Hepliaklqana

Shops:
D:4 [[

Annotations:
D:4 Dowan


Innate Abilities, Weirdness & Mutations

You are completely covered in rugged brown scales. (AC +3, +7% HP)
Armour fits poorly on your strangely shaped body.
You have a long armoured tail.
You roll when moving toward enemies. (Rampage)
Your long tongue fully drains potion bottles. (2x potion effects)
Your tongue gives you trouble enunciating. (1.5x scroll delay)


Message History

Dowan hits you. Dowan shocks you.
* * * LOW HITPOINT WARNING * * *
You barely miss Dowan. You tail-slap Dowan.
Dowan is heavily wounded.
Dowan hits you but does no damage.
You barely miss Dowan.
Dowan is heavily wounded.
Dowan hits you.
* * * LOW HITPOINT WARNING * * *
Dowan shocks you.
* * * LOW HITPOINT WARNING * * *
You hit Dowan.
Your tail-slap misses Dowan.
Dowan is heavily wounded.
Dowan hits you but does no damage.
You hit Dowan but do no damage.
Dowan is heavily wounded.
Dowan hits you but does no damage.
You closely miss Dowan.
Dowan is heavily wounded.
Dowan hits you but does no damage. You block Dowan's attack.
You closely miss Dowan.
Dowan is heavily wounded.
You block Dowan's attack.
You miss Dowan. You tail-slap Dowan.
Dowan is severely wounded.
Dowan hits you but does no damage.
You barely miss Dowan.
Your tail-slap misses Dowan.
Dowan is severely wounded.
Dowan hits you.
* * * LOW HITPOINT WARNING * * *
Dowan shocks you.
* * * LOW HITPOINT WARNING * * *
You slurp down every last drop of the cyan potion!
It was a potion of degeneration.
There was something very wrong with that liquid.
You feel weakened.
You feel dopey.
You feel clumsy. Dowan hits you.
* * * LOW HITPOINT WARNING * * *
Dowan shocks you.
You die...

...# J..# ##
...# ..# #...
#.# .... #.#
###. #.# # #
#.# .
#.#.####.#
#...Y@...#
#$..####.# #.#
#.# #
####.#########
#...#........#
#.##.######..#
# ##.######..#
#.......#..#
#....##.#..#


You could see Dowan the sky beast.

Vanquished Creatures
  Sigmund (D:2)
  Duvessa (D:4)
  A phantom (D:4)
  A scorpion (D:4)
  A jelly (D:4)
  Crazy Yiuf (D:3)
  An iguana (D:4)
  An orc wizard (D:3)
  Robin (D:2)
  3 gnolls (D:3)
  8 adders
  2 dart slugs
  4 orcs
  5 ball pythons
  3 bats
  11 endoplasms
  2 giant cockroaches
  21 goblins
  6 hobgoblins
  2 jackals (D:1)
  A quokka (D:2)
  8 frilled lizards
  13 kobolds
  4 rats
102 creatures vanquished.

Vanquished Creatures (others)
  5 plants (D:1)
  4 toadstools (D:1)
9 creatures vanquished.

Grand Total: 111 creatures vanquished

Notes
Turn   | Place    | Note
-------+----------+-------------------------------------------
     0 | D:1      | tensugalgo the Armataur Reaver began the quest for the Orb.
     0 | D:1      | Reached XP level 1. HP: 18/18 MP: 3/3
   149 | D:1      | Reached skill level 3 in Maces & Flails
   207 | D:1      | Reached XP level 2. HP: 25/25 MP: 4/4
  1051 | D:2      | Found a hazy altar of Hepliaklqana.
  1077 | D:2      | Reached XP level 3. HP: 16/31 MP: 5/5
  1085 | D:2      | Reached skill level 4 in Maces & Flails
  1503 | D:2      | Noticed Sigmund
  1690 | D:3      | Reached XP level 4. HP: 38/38 MP: 6/6
  1942 | D:3      | Reached skill level 5 in Maces & Flails
  2142 | D:3      | Found a runed translucent door.
  2143 | D:3      | Noticed Crazy Yiuf
  2152 | D:3      | Killed Crazy Yiuf
  2153 | D:3      | Reached XP level 5. HP: 20/43 MP: 7/7
  2536 | D:2      | Killed Sigmund
  2537 | D:2      | Reached skill level 6 in Maces & Flails
  2537 | D:2      | Reached XP level 6. HP: 39/51 MP: 8/8
  2631 | D:2      | Found a faded altar of an unknown god.
  2633 | D:2      | Noticed Robin
  2661 | D:2      | Killed Robin
  3091 | D:4      | Noticed Dowan
  3135 | D:4      | Noticed Duvessa
  3225 | D:4      | Found Woly's Armour Boutique.
  3472 | D:4      | Reached XP level 7. HP: 55/56 MP: 9/9
  3486 | D:4      | Found Guepruerr's Antique Armour Boutique.
  3664 | D:4      | Killed Duvessa
  3665 | D:4      | Reached skill level 7 in Maces & Flails
  3667 | D:4      | Dowan changed into Dowan the sky beast
  3667 | D:4      | Noticed Dowan
  3679 | D:4      | HP: 2/56 [Dowan the sky beast (2)]
  3679 | D:4      | Slain by Dowan the sky beast

Illustrated notes

Levels and vault maps discovered:
D:1:      ldierk_walled_garden_2, layout_rooms, serial_bayou,
          serial_bayou_shore_b, serial_bayou_lake_a, serial_bayou_ford_a,
          serial_bayou_pond_d, serial_bayou_shore_a, serial_bayou_shore_b,
          minmay_misc_feat_x, nicolae_concentric_dashed_squares_mild,
          patterned_corridor
D:2:      layout_loops_ring, basic_altar,
          shapermc_ecumenical_altar_starsandcircs, minmay_divided_ellipse,
          uniq_sigmund, uniq_robin
D:3:      layout_loops_ring, uniq_crazy_yiuf_cottage
D:4:      layout_loops_ring, minmay_temple_entry_from_below_a, serial_shops,
          nicolae_shop_crystal, nicolae_take_the_stairs, shop, shop,
          skrybe_limestone_x, uniq_duvessa

Skill      XL: |  1  2  3  4  5  6  7 |
---------------+----------------------+-----
Maces & Flails | 3 4 5 6 7 |  7.2
Shields        | 2 3 |  3.9
Fighting       | |  1.7
Dodging        | |  1.3
Spellcasting   | |  1.7
Conjurations   | |  2.6

Action                   |  1- 3 |  4- 6 |  7- 9 || total
-------------------------+-------+-------+-------++-------
Melee: Mace              |   157 |   175 |    60 ||   392
       Tailslap          |    10 |    16 |     7 ||    33
       Punch             |     1 |       |       ||     1
       Flail             |       |    23 |       ||    23
Evoke: Wand              |       |       |     2 ||     2
  Use: Scroll            |     3 |     4 |       ||     7
       Potion            |       |       |     1 ||     1
Armor: Leather armour    |    43 |       |       ||    43
       Chain mail        |    46 |   106 |    35 ||   187
Dodge: Dodged            |    62 |    34 |     9 ||   105
Block: Buckler           |       |    25 |    10 ||    35

Table legend: (Time is in decaauts)
 A = Elapsed time spent in this place.
 B = Non-inter-level travel time spent in this place.
 C = Inter-level travel time spent in this place.
 D = Time resting spent in this place.
 E = Time spent auto-exploring this place.
 F = Levels seen in this place.
 G = Mean time per level.
                   A        B        C        D        E       F      G
               +--------+--------+--------+--------+--------+-----+--------+
         Total |   3734 |   3595 |    139 |    162 |   2512 |   4 |  933.5 |
       Dungeon |   3734 |   3595 |    139 |    162 |   2512 |   4 |  933.5 |
               +--------+--------+--------+--------+--------+-----+--------+

Top non-repeatable levels by time:
     D:2: 1138 daAuts
     D:1: 1061 daAuts
     D:3: 1058 daAuts
     D:4: 477 daAuts
